 Dungeon Crawl Stone Soup version 0.30-a0-939-gc8157cb160 (webtiles) character file.

Game seed: 16829774048455217463

310 cforsyth the Trooper (level 6, -1/35 HPs)
             Began as a Vine Stalker Fighter on Mar 26, 2023.
             Splashed by a jelly's acid (3 damage)
             ... on level 5 of the Dungeon.
             The game lasted 00:06:15 (3337 turns).

cforsyth the Trooper (Vine Stalker Fighter)         Turns: 3337, Time: 00:06:15

Health: -1/35      AC:  0    Str: 20    XL:     6   Next: 41%
Magic:  0/7        EV:  9    Int:  8    God:
Gold:   188        SH:  4    Dex: 14    Spells: 5/5 levels left

rFire   . . .      SeeInvis .    a - +0 rapier
rCold   . . .      Faith    .    c - +0 buckler
rNeg    . . .      Spirit   +    b - +0 scale mail
rPois   .          Reflect  .    (no helmet)
rElec   .          Rampage  .    h - +0 cloak
rCorr   .                        (no gloves)
Will    .....                    (no boots) Stlth
                                 (no amulet)
HPRegen 1.05/turn                (no ring)
MPRegen 0.10/turn                (no ring)

@: corroded
A: fangs 2, regeneration 1, magic shield, antimagic bite, no potion heal 2
a: no special abilities


You were on level 5 of the Dungeon.
You visited 1 branch of the dungeon, and saw 5 of its levels.

You collected 188 gold pieces.

Inventory:

Hand Weapons
 a - a +0 rapier (weapon)
Armour
 b - a +0 scale mail (worn)
 c - a +0 buckler (worn)
 h - a +0 cloak (worn)
Jewellery
 p - a ring of ice
Scrolls
 f - 2 scrolls of immolation {unknown}
 g - 3 scrolls of teleportation {unknown}
 j - a scroll of blinking {unknown}
 k - a scroll of fog {unknown}
 l - 2 scrolls of enchant armour {unknown}
 o - 3 scrolls of amnesia {unknown}
 q - a scroll of silence {unknown}
 r - a scroll of summoning {unknown}
 s - 3 scrolls of identify {unknown}
 t - a scroll of torment {unknown}
Potions
 d - a potion of might
 e - 3 potions of resistance {unknown}
 i - 2 potions of heal wounds {unknown}
 m - 3 potions of flight {unknown}
 n - a potion of curing {unknown}


   Skills:
 + Level 4.9 Fighting
 + Level 4.3 Short Blades
 - Level 2.4 Armour
 - Level 2.6 Shields


You had 5 spell levels left.
You didn't know any spells.
Your spell library contained the following spells:

 Spells                   Type           Power      Damage    Failure   Level
 Blink                    Tloc           0%         N/A       94%         2
 Vhi's Electric Charge    Tloc/Air       0%         N/A       99%         3
 Manifold Assault         Tloc           0%         N/A       100%        4
 Arcjolt                  Conj/Air       0%         1d10      100%        5
 Storm Form               Tmut/Air       0%         N/A       100%        7
 Maxwell's Capacitive Co  Air            0%         ∞         100%        8


Dungeon Overview and Level Annotations

Branches:
Dungeon (5/15)
 Temple: D:4-7

Altars:
Qazlal

Shops:
D:3 [

Annotations:
D:3 3 runed translucent doors, Akorn's ghost, weakling DjDe


Innate Abilities, Weirdness & Mutations

You have extremely sharp teeth.
Your natural rate of healing is unusually fast.
When hurt, damage is shared between your health and your magic reserves.
Your bite disrupts and absorbs the magic of your enemies.
Potions cannot restore your health.


Message History

You see here a +0 ring mail.
There is a stone staircase leading down here.
You climb downwards.
There is a stone staircase leading up here.
As you open the door, it creaks loudly!
o - 3 scrolls labelled FIDOBR NEIDIAL (gained 1)
You open the door.
There is an open door here.
You open the door.
There is an open door here.
You open the door.
A jelly comes into view.
The jelly quivers.
A jelly is nearby!
A jelly is nearby!
There is an open door here.
You hit the jelly. The acid corrodes you!
Your hands burn!
You bite the jelly, but do no damage.
The jelly is lightly wounded.
The jelly hits you. The acid corrodes you!
You are splashed with acid!
You hit the jelly.
Your hands burn!
The jelly is moderately wounded.
The jelly hits you.
You are splashed with acid!
You are too injured to fight recklessly!
You are too injured to fight recklessly!
You are too injured to fight recklessly!
You are too injured to fight recklessly!
You are too injured to fight recklessly!
You are too injured to fight recklessly!
You are too injured to fight recklessly!
You are too injured to fight recklessly!
You hit the jelly but do no damage.
Your hands burn!
The jelly is lightly wounded.
The jelly barely misses you.
You hit the jelly but do no damage.
Your hands burn!
The jelly is lightly wounded.
The jelly hits you.
You are splashed with acid!
* * * LOW HITPOINT WARNING * * *
You hit the jelly but do no damage.
Your hands burn!
You die...

#......'......#
#......#####.##
###'##.....#.#
#....#.....#..
#....#.....#...
#....#.....#
..#
#....#.....#
#....#.......
####@#.......
.......J.......
...............
###............
#......###+##
........#
.........#
....♣....#


You could see a jelly.

Vanquished Creatures
  A black bear (D:3)
  Jessica (D:3)
  2 orc wizards (D:4)
  6 adders
  A worm (D:2)
  4 dart slugs
  10 orcs
  9 endoplasms
  2 giant cockroaches (D:4)
  7 goblins
  7 hobgoblins
  3 jackals (D:1)
  10 kobolds
  2 quokkas (D:3)
  A ball python (D:3)
  A bat (D:2)
  A frilled lizard (D:2)
  3 rats
  4 bushes (D:1)
75 creatures vanquished.

Vanquished Creatures (others)
  2 plants (D:1)
2 creatures vanquished.

Grand Total: 77 creatures vanquished

Notes
Turn   | Place    | Note
-------+----------+-------------------------------------------
     0 | D:1      | cforsyth the Vine Stalker Fighter began the quest for the
                  | Orb.
     0 | D:1      | Reached XP level 1. HP: 11/11 MP: 2/2
   122 | D:1      | Reached XP level 2. HP: 11/16 MP: 3/3
  1533 | D:2      | Reached XP level 3. HP: 20/20 MP: 2/4
  1740 | D:2      | Found a stormy altar of Qazlal.
  2026 | D:3      | Gained mutation: Your natural rate of healing is unusually
                  | fast. [Vine Stalker growth]
  2026 | D:3      | Reached XP level 4. HP: 25/25 MP: 5/5
  2029 | D:3      | Noticed Jessica
  2034 | D:3      | Found Ibbasm's Antique Armour Emporium.
  2044 | D:3      | Killed Jessica
  2170 | D:3      | Found a runed translucent gate.
  2170 | D:3      | Found a runed translucent gate.
  2170 | D:3      | Found a runed translucent gate.
  2171 | D:3      | Noticed Akorn's ghost (weakling DjDe)
  2171 | D:3      | Noticed a kobold brigand
  2369 | D:3      | Reached XP level 5. HP: 29/29 MP: 6/6
  2643 | D:4      | Noticed a black bear
  2660 | D:3      | Killed a black bear
  2661 | D:3      | Reached XP level 6. HP: 19/34 MP: 2/7
  3297 | D:5      | Entered Level 5 of the Dungeon
  3337 | D:5      | Splashed by a jelly's acid

Illustrated notes

Levels and vault maps discovered:
D:1:      heliophobic_arrival_ceremonial_halls, layout_basic, serial_forest,
          infiniplex_forest_lined_3, infiniplex_forest_clump_medium,
          infiniplex_forest_clump_diagonal, infiniplex_forest_split,
          infiniplex_forest_end_1
D:2:      layout_rooms, basic_altar
D:3:      layout_basic, gammafunk_ghost_nasty_kobolds, serial_shops,
          nicolae_lakefront_shop, uniq_jessica
D:4:      layout_gridville, minmay_statues_item
D:5:      layout_gridville, chequers_garden, st_stairs_2

Skill      XL: |  1  2  3  4  5 |
---------------+----------------+-----
Short Blades   | 2 3 4 |  4.3
Fighting       | 3 4 |  4.9
Armour         | |  2.4
Shields        | |  2.6

Action                     |  1- 3 |  4- 6 || total
---------------------------+-------+-------++-------
  Melee: Rapier            |   732 |   170 ||   902
         Bite              |   377 |    36 ||   413
 Armour: Scale mail        |    28 |   108 ||   136
  Dodge: Dodged            |    26 |    73 ||    99
  Block: Buckler           |    14 |    31 ||    45

Table legend: (Time is in decaauts)
 A = Elapsed time spent in this place.
 B = Non-inter-level travel time spent in this place.
 C = Inter-level travel time spent in this place.
 D = Time resting spent in this place.
 E = Time spent auto-exploring this place.
 F = Levels seen in this place.
 G = Mean time per level.
                   A        B        C        D        E       F      G
               +--------+--------+--------+--------+--------+-----+--------+
         Total |   3438 |   3358 |     80 |    144 |   1907 |   5 |  687.6 |
       Dungeon |   3438 |   3358 |     80 |    144 |   1907 |   5 |  687.6 |
               +--------+--------+--------+--------+--------+-----+--------+

Top non-repeatable levels by time:
     D:1: 1599 daAuts
     D:3: 846 daAuts
     D:4: 507 daAuts
     D:2: 444 daAuts
     D:5: 39 daAuts
